 Dungeon Crawl Stone Soup version 0.27-a0-1144-g0b7d3b79db (webtiles) character file.

Game seed: 8199452405860604663

163 bilbop the Magician (level 5, -1/39 HPs)
             Began as a Djinni Air Elementalist on May 11, 2021.
             Slain by a centaur warrior zombie (2 damage)
             ... on level 5 of the Dungeon.
             The game lasted 00:12:23 (1770 turns).

bilbop the Magician (Djinni Air Elementalist)       Turns: 1770, Time: 00:12:24

Health: -1/39      AC:  2    Str:  7    XL:     5   Next: 44%
Gold:   19         EV: 12    Int: 16    God:
                   SH:  0    Dex: 15

rFire    + + .     SeeInvis .   b - +0 quarterstaff
rCold    x . .     Faith    .   (shield currently unavailable)
rNeg     . . .     Spirit   .   a - +0 robe
rPois    ∞         Reflect  .   (no helmet)
rElec    .         Harm     .   (no cloak)
rCorr    .         Rampage  .   (no gloves)
Will     .....                  (boots unavailable)
Stlth    ++........             (no amulet)
HPRegen  0.13/turn              (no ring)
MPRegen  0.00/turn              (no ring)

@: flying
A: sickness immunity, fire resistance 2, cold vulnerability 1, float, innate
caster, hp casting, extra vitality 1
a: no special abilities


You were on level 5 of the Dungeon.
You visited 1 branch of the dungeon, and saw 6 of its levels.

You collected 19 gold pieces.

Inventory:

Hand Weapons
 b - a +0 quarterstaff (weapon)
Armour
 a - a +0 robe (worn)
Wands
 d - a wand of mindburst (12)
Scrolls
 e - a scroll of fear {unknown}
 f - a scroll of silence {unknown}
Potions
 c - a potion of magic {unknown}


   Skills:
 * Level 2.7 Fighting
 + Level 1.5 Long Blades
 - Level 2.1 Dodging
 + Level 2.3 Stealth
 * Level 3.6 Spellcasting


You couldn't memorise any spells.
You knew the following spells:

 Your Spells              Type           Power      Damage    Failure   Level
a - Shock                 Conj/Air       56%        1d6       3%          1
b - Static Discharge      Conj/Air       14%        N/A       6%          2
c - Swiftness             Air            14%        N/A       12%         3
d - Airstrike             Air            7%         N/A       36%         4
e - Lightning Bolt        Conj/Air       7%         1d19      71%         5
f - Corona                Hex            15%        N/A       3%          1
g - Searing Ray           Conj           28%        3d4       6%          2
Your spell library was empty.

Dungeon Overview and Level Annotations

Branches:
Dungeon (6/15)
 Temple: D:4-7

Altars:
Xom


Innate Abilities, Weirdness & Mutations

You are immune to sickness and miasma.
You are immune to poison.
Your flesh is very heat resistant. (rF++)
You are vulnerable to cold. (rC-)
You float through the air rather than walking.
You learn spells naturally, not from books.
Your magical power is your life essence.
You have superior vitality. (+4 HP)


Message History

The searing ray hits the centaur warrior zombie!
The centaur warrior zombie is moderately damaged.
The centaur warrior zombie hits you but does no damage.
The centaur warrior zombie kicks you.
The searing ray hits the centaur warrior zombie.
The centaur warrior zombie is moderately damaged.
You finish channeling your searing ray.
The centaur warrior zombie hits you.
The centaur warrior zombie kicks you but does no damage.
Casting: Searing Ray (safe; 6% risk of failure)
Confirm with . or Enter, or press ? or * to list all spells.
Aiming: Searing Ray (safe; 6% risk of failure)
Press: ? - help, Shift-Dir - straight line, f/p - centaur warrior zombie
Aim: a centaur warrior zombie (moderately damaged, 98% to hit)
The searing ray hits the centaur warrior zombie!
The centaur warrior zombie is heavily damaged. (Press . to maintain the ray.)
The centaur warrior zombie closely misses you.
The centaur warrior zombie kicks you. The centaur warrior zombie hits you.
The centaur warrior zombie kicks you.
* * * LOW HITPOINT WARNING * * *
The searing ray hits the centaur warrior zombie!
The centaur warrior zombie is heavily damaged.
* * * LOW HITPOINT WARNING * * *
The centaur warrior zombie hits you.
* * * LOW HITPOINT WARNING * * *
The centaur warrior zombie kicks you but does no damage.
The searing ray hits the centaur warrior zombie.
The centaur warrior zombie is heavily damaged.
* * * LOW HITPOINT WARNING * * *
The centaur warrior zombie hits you.
* * * LOW HITPOINT WARNING * * *
The centaur warrior zombie kicks you but does no damage.
The searing ray hits the centaur warrior zombie!
The centaur warrior zombie is severely damaged.
* * * LOW HITPOINT WARNING * * *
You finish channeling your searing ray.
The centaur warrior zombie hits you.
* * * LOW HITPOINT WARNING * * *
The centaur warrior zombie completely misses you.
The centaur warrior zombie hits you.
You die...

.###.# .# #.# .#
#.# .# #.#
.###)#############
.##.......[...<..#
.##.)###########.#
#..# ## #.# #...
.. #@# #.###
#####.#Z## ..
.........# ##.
#####.....# #.
#....$... ###.
#.....###.. ...
#....#. ##
#.####.# #. .#


You could see a centaur warrior zombie.

Vanquished Creatures
  A bullfrog (D:6)
  An iguana (D:5)
  5 gnolls
  An adder (D:5)
  3 orcs (D:3)
  2 bats
  3 endoplasms
  3 giant cockroaches
  A jackal (D:1)
  A quokka (D:1)
21 creatures vanquished.

Notes
Turn   | Place    | Note
-------+----------+-------------------------------------------
     0 | D:1      | bilbop the Djinni Air Elementalist began the quest for the
                  | Orb.
     0 | D:1      | Reached XP level 1. HP: 15/15 MP: 0/0
   503 | D:3      | Noticed an orc warrior
   547 | D:2      | Reached XP level 2. HP: 9/22 MP: 0/0
   763 | D:3      | Found a shimmering altar of Xom.
   768 | D:3      | Reached skill level 1 in Fighting
   768 | D:3      | Reached skill level 3 in Spellcasting
   769 | D:3      | Reached XP level 3. HP: 20/27 MP: 0/0
   769 | D:3      | Learned a level 1 spell: Corona
   972 | D:3      | You are sucked into a shaft and drop 3 floors!
   978 | D:6      | Noticed a bullfrog
  1041 | D:6      | Killed a bullfrog
  1042 | D:6      | Reached skill level 1 in Long Blades
  1042 | D:6      | Reached XP level 4. HP: 9/33 MP: 0/0
  1283 | D:5      | Entered Level 5 of the Dungeon
  1311 | D:5      | Reached XP level 5. HP: 5/39 MP: 0/0
  1311 | D:5      | Learned a level 2 spell: Searing Ray
  1516 | D:5      | Noticed a centaur warrior zombie
  1745 | D:4      | Noticed an ogre
  1770 | D:5      | HP: 1/39 [centaur warrior zombie (1)]
  1770 | D:5      | Slain by a centaur warrior zombie

Illustrated notes

Levels and vault maps discovered:
D:1:      dpeg_arrival_brainrot, layout_basic, ebering_ecumenical_altar_box
D:2:      layout_rooms, uniq_robin
D:3:      layout_loops_ring, tgw_xom, uniq_grinder
D:4:      layout_layer_cave, serial_shops, nicolae_shop_stone, shop,
          minmay_misc_feat_ornament, grunt_ministairs_6
D:5:      layout_loops_ring, minitemple
D:6:      layout_cave_pools, lemuel_round_altar, nicolae_vehumet_radiance,
          minmay_temple_entry_poolview, chequers_serial_rivers_large_a

Skill      XL: |  1  2  3 |
---------------+----------+-----
Fighting       | 1 2 |  2.7
Spellcasting   | 3 |  3.6
Long Blades    | 1 |  1.5
Stealth        | 2 |  2.3
Dodging        | |  2.1

Action                   |  1- 3 |  4- 6 || total
-------------------------+-------+-------++-------
 Cast: Shock             |    43 |    20 ||    63
       Searing Ray       |       |     3 ||     3
Armor: Robe              |     3 |     6 ||     9
Dodge: Dodged            |     8 |     8 ||    16

Table legend: (Time is in decaauts)
 A = Elapsed time spent in this place.
 B = Non-inter-level travel time spent in this place.
 C = Inter-level travel time spent in this place.
 D = Time resting spent in this place.
 E = Time spent auto-exploring this place.
 F = Levels seen in this place.
 G = Mean time per level.
                   A        B        C        D        E       F      G
               +--------+--------+--------+--------+--------+-----+--------+
         Total |   1769 |   1448 |    321 |   1117 |    124 |   6 |  294.8 |
       Dungeon |   1769 |   1448 |    321 |   1117 |    124 |   6 |  294.8 |
               +--------+--------+--------+--------+--------+-----+--------+

Top non-repeatable levels by time:
     D:5: 485 daAuts
     D:2: 453 daAuts
     D:6: 310 daAuts
     D:1: 305 daAuts
     D:3: 213 daAuts
     D:4: 1 daAuts
